 Dungeon Crawl Stone Soup version 0.21.0-3-g78d12a8 (webtiles) character file.

37 MDvedh the Conjurer (level 3, 0/18 HPs)
             Began as a Vine Stalker Conjurer on Jan 10, 2018.
             Slain by an adder (1 damage)
             ... on level 2 of the Dungeon.
             The game lasted 00:01:39 (823 turns).

MDvedh the Conjurer (Vine Stalker Conjurer)          Turns: 823, Time: 00:01:40

Health: 0/18       AC:  2    Str: 11    XL:     3   Next: 39%
Magic:  0/7        EV: 13    Int: 15    God:
Gold:   44         SH:  4    Dex: 14    Spells: 5/6 levels left

rFire    . . .     SeeInvis .   h - +0 short sword
rCold    . . .     Gourm    .   (no shield)
rNeg     . . .     Faith    .   a - +0 robe
rPois    .         Spirit   +   (no helmet)
rElec    .         Reflect  +   (no cloak)
rCorr    .         Harm     .   (no gloves)
MR       .....                  (no boots)
Stlth    ++........             k - +4 amulet of reflection
HPRegen  0.06/turn              (no ring)
MPRegen  0.10/turn              (no ring)

@: lethally poisoned (0 -> -6), very slightly contaminated, invisible
A: fangs 2, magic shield, antimagic bite, no potion heal 3, rot immunity
a: no special abilities


You were on level 2 of the Dungeon.
You were not hungry.

You visited 1 branch of the dungeon, and saw 2 of its levels.

You collected 44 gold pieces.

Inventory:

Hand Weapons
 h - a +0 short sword (weapon)
Armour
 a - a +0 robe (worn)
Jewellery
 k - a +4 amulet of reflection (around neck)
Scrolls
 d - 3 scrolls of identify {unknown}
 e - 4 scrolls of remove curse {unknown}
 g - 2 scrolls of teleportation {unknown}
 i - 2 scrolls of enchant armour {unknown}
 j - a scroll of random uselessness {unknown}
Potions
 f - a potion of invisibility
Books
 b - a book of Conjurations

   Spells                             Type                      Level
   a - Magic Dart                     Conjuration                  1
   b - Searing Ray                    Conjuration                  2
   c - Dazzling Spray                 Conjuration/Hexes            3
   d - Fulminant Prism                Conjuration/Hexes            4
   e - Force Lance                    Conjuration/Translocation    4
   f - Iskenderun's Mystic Blast      Conjuration                  4
Comestibles
 c - 3 rations


   Skills:
 + Level 1.7 Fighting
 + Level 2.4 Dodging
 - Level 2.4 Stealth
 - Level 2.1 Spellcasting
 - Level 4.0 Conjurations


You had 5 spell levels left.
You knew the following spells:

 Your Spells              Type           Power        Failure   Level  Hunger
a - Magic Dart            Conj           ##..         4%          1    #......


Dungeon Overview and Level Annotations

Branches:
Dungeon (2/15)

Altars:
Nemelex Xobeh


Innate Abilities, Weirdness & Mutations

You have extremely sharp teeth.
When hurt, damage is shared between your health and your magic reserves.
Your bite disrupts and absorbs the magic of your enemies.
Potions cannot restore your health.
You are immune to rotting.


Message History

Aim: an adder (moderately wounded)
You miscast Magic Dart.
Your hair stands on end.
The adder bites you.
* * * LOW HITPOINT WARNING * * *
The adder misses you.
Casting: Magic Dart
Confirm with . or Enter, or press ? or * to list all spells.
Aiming: Magic Dart
Press: ? - help, Shift-Dir - straight line, f/p - adder
Aim: an adder (moderately wounded)
The magic dart hits the adder.
The adder is severely wounded.
The adder misses you.
Unknown command.
Casting: Magic Dart
Confirm with . or Enter, or press ? or * to list all spells.
You don't have enough magic to cast that spell.
You hit the adder. You bite the adder, but do no damage.
The adder is almost dead.
The adder bites you.
You die...

#....#.#..#.#####.#
#..............<..#
#........##########
#..........########
#..).....#........#
#....##.##....###.#
#....##.##.####
#....#<......(#
######@###.....
#S###.....
#b....###.
#...%......#
#..........#
#..........#
#).........#
#..........#
#..........#


You could see an adder and a bat.

Vanquished Creatures
  An adder (D:2)
  2 dart slugs (D:1)
  A ball python (D:1)
  5 bats (D:1)
  2 giant cockroaches (D:1)
  4 goblins (D:1)
  2 jackals (D:1)
  3 kobolds (D:1)
  A rat (D:1)
21 creatures vanquished.

Notes
Turn   | Place    | Note
-------+----------+-------------------------------------------
     0 | D:1      | MDvedh the Vine Stalker Conjurer began the quest for the Orb.
     0 | D:1      | Reached XP level 1. HP: 9/9 MP: 4/4
   138 | D:1      | Reached XP level 2. HP: 14/14 MP: 4/6
   191 | D:1      | Reached skill level 1 in Fighting
   594 | D:1      | Reached XP level 3. HP: 13/18 MP: 7/7
   747 | D:1      | Found a sparkling altar of Nemelex Xobeh.
   823 | D:2      | Slain by an adder

Skill      XL: |  1  2 |
---------------+-------+-----
Fighting       | 1 |  1.7
Dodging        | 2 |  2.4
Stealth        | |  2.4
Spellcasting   | |  2.1
Conjurations   | |  4.0

Action                   || total
-------------------------++-------
Melee: Short sword       ||    28
       Bite              ||     7
 Cast: Magic Dart        ||    31
  Use: Potion            ||     3
Armor: Robe              ||    12
Dodge: Dodged            ||    34
Block: Other             ||     9
